 Dungeon Crawl Stone Soup version 0.18-a0-1577-gf591c28 (webtiles) character file.

98641 4thArraOfDagon the Fencer (level 15, -17/116 HPs)
             Began as a Vampire Assassin on Mar 17, 2016.
             Was the Champion of Okawaru.
             Killed from afar by a deep elf high priest (34 damage)
             ... with a burst of hellfire
             ... on level 3 of the Elven Halls on Mar 18, 2016.
             The game lasted 01:38:51 (14011 turns).

4thArraOfDagon the Fencer (Vampire Assassin)       Turns: 14011, Time: 01:38:51

Health: -17/116    AC: 21    Str: 23    XL:     15   Next: 75%
Magic:  19/22      EV: 30    Int: 17    God:    Okawaru [******]
Gold:   521        SH:  7    Dex: 20    Spells: 3 memorised, 8 levels left

rFire  . . .     SeeInvis +     W - +3 demon blade (elec)
rCold  + . .     Gourm    .     A - +0 chain mail of the Moneychanger {Int+4 Dex-5 Slay+3}
rNeg   . . .     Faith    .     Y - +0 buckler {reflect}
rPois  .         Spirit   .     a - +2 helmet
rElec  .         Dismiss  .     d - +0 cloak "Zompyqebb" {Str+6 Stlth+}
rCorr  .         Reflect  +     N - +1 pair of gloves {Str+3}
SustAt +         Harm     .     (no boots)
MR     ++...                    l - amulet of magic regeneration
Stlth  +++++++...               b - ring of Olof {SustAt rC+ Str+4 Int-3}
                                v - +4 ring of evasion

@: agile, heroism, finesse, aura of abjuration, very slightly contaminated,
regenerating very quickly, very resistant to hostile enchantments, extremely
stealthy
A: fangs 3, rugged brown scales 1, see invisible, magic resistance 1, mutation
resistance 1, wild magic 1, unbreathing, sturdy frame 1
a: Heroism, Finesse, Renounce Religion


You were on level 3 of the Elven Halls.
You worshipped Okawaru.
Okawaru was exalted by your worship.
You were almost alive.

You visited 6 branches of the dungeon, and saw 31 of its levels.
You also visited: Ice Cave.

You collected 2671 gold pieces.
You spent 2150 gold pieces at shops.

Inventory:

Hand Weapons
 e - a +4 blowgun
 H - a +1 triple sword of venom
 W - a +3 demon blade of electrocution (weapon)
Missiles
 s - 6 javelins of penetration
 C - 5 curare-tipped needles
 E - 7 javelins of returning
 F - 3 exploding tomahawks
 G - 3 tomahawks of returning
 J - 11 javelins
 L - 6 poisoned tomahawks
 V - 4 silver javelins (quivered)
 Z - 3 poisoned javelins
Armour
 a - a +2 helmet (worn)
 d - the +0 cloak "Zompyqebb" (worn) {Str+6 Stlth+}
   (You bought it in a shop on level 2 of the Orcish Mines)

   It affects your strength (+6).
   It makes you more stealthy.
 A - the +0 chain mail of the Moneychanger (worn) {Int+4 Dex-5 Slay+3}
   (You bought it in a shop on level 2 of the Orcish Mines)

   It affects your intelligence (+4).
   It affects your dexterity (-5).
   It affects your accuracy and damage with ranged weapons and melee attacks
   (+3).
 I - the cursed +1 plate armour "Onymor" {Dex+4 Stlth+, unknown}
   (You took it off a deep elf high priest on level 3 of the Elven Halls)

   It affects your dexterity (+4).
   It makes you more stealthy.
   It has a curse placed upon it.
 N - a +1 pair of gloves of strength (worn)
 Y - a +0 buckler of reflection (worn)
Jewellery
 b - the ring of Olof (right hand) {SustAt rC+ Str+4 Int-3}
   (You found it in an ice cave)

   [ring of sustain attributes]

   It sustains your strength, intelligence and dexterity.
   It affects your strength (+4).
   It affects your intelligence (-3).
   It protects you from cold.
 c - an uncursed ring of protection from cold
 k - an uncursed ring of positive energy
 l - an amulet of magic regeneration (around neck)
 v - a +4 ring of evasion (left hand)
 w - the ring of Hosestru {Fire Str+3 Dex+5}
   (You bought it in a shop on level 3 of the Elven Halls)

   [ring of fire]

   It enhances your fire magic, and weakens your ice magic.
   It affects your strength (+3).
   It affects your dexterity (+5).
   It protects you from fire.
   It makes you vulnerable to cold.
 X - an uncursed ring of flight
Wands
 y - a wand of iceblast (6/15)
 Q - a wand of disintegration (15/24)
Scrolls
 j - 3 scrolls of remove curse
 r - 3 scrolls of teleportation
 D - 2 scrolls of blinking
 K - 2 scrolls of recharging
 M - 2 scrolls of fear
 P - 3 scrolls of fog
 U - a scroll of magic mapping
Potions
 f - 4 potions of haste
 g - 15 potions of blood
 h - a potion of agility
 i - 3 potions of magic
 n - a potion of cure mutation
 o - 2 potions of brilliance
 p - 2 potions of cancellation
 q - 5 potions of berserk rage
 t - 2 potions of invisibility
 u - 3 potions of flight
 x - 3 potions of might
 z - a potion of ambrosia
 B - 4 potions of resistance
 O - 7 potions of curing
Miscellaneous
 m - a plain deck of wonders {the Helix}
 S - a legendary deck of summoning {drawn: 1}
 T - an ornate deck of wonders {the Mercenary}


   Skills:
 - Level 9.1(14.1) Fighting
   Level 4.4(17.2) Short Blades
 * Level 15.7(20.9) Long Blades
 - Level 6.3(11.3) Throwing
 + Level 7.6(12.6) Armour
 + Level 11.3(16.3) Dodging
 - Level 13.6(18.6) Stealth
 * Level 3.8(8.8) Shields
 + Level 10.2 Invocations
 - Level 3.1 Evocations


You had 8 spell levels left.
You knew the following spells:

 Your Spells              Type           Power        Failure   Level  Hunger
a - Sublimation of Blood  Necr           #.........   97%         2    ###....
b - Blink                 Tloc           N/A          97%         2    ###....
c - Repel Missiles        Chrm/Air       #.....       97%         2    ###....


Dungeon Overview and Level Annotations

Branches:
Dungeon (15/15)            Temple (1/1) D:4            Lair (8/8) D:11
  Swamp (2/4) Lair:3        Snake (0/4) Lair:3        Slime (0/6) Lair:8
    Orc (2/2) D:10            Elf (3/3) Orc:2        Vaults (0/5) D:14
 Depths: D:15

Altars:
Ashenzari
Cheibriados
Dithmenos
Elyvilon
Fedhas
Kikubaaqudgha
Makhleb
Nemelex Xobeh
Okawaru
Pakellas
Qazlal
Ru
Sif Muna
Trog
Vehumet
Xom
Yredelemnul
Zin
The Shining One
Beogh

Shops:
D:9 **   Orc:2 !(%*   Elf:3 =

Annotations:
D:7 Pikel
D:12 Snorg
Lair:2 exclusion: oklob plant
Lair:4 Rupert


Innate Abilities, Weirdness & Mutations

Your natural rate of healing is extremely fast.
You have razor-sharp teeth.
You have supernaturally acute eyesight.
You can survive without breathing.
You are partially covered in rugged brown scales (AC +1, +3% HP).
You are resistant to hostile enchantments.
You are somewhat resistant to further mutation.
Your spells are a little harder to cast, but a little more powerful.
Your movements are slightly less encumbered by armour (ER -2).


Message History

Okay, then.
Unknown command.
Read which item? (? for menu, Esc to quit)
Blink to where?
Press: ? - help, Dir - move target cursor You are very lightly contaminated with residual magic.
As you read the scroll of blinking, it crumbles to dust.
Evoke which item? (* to show all) (? for menu, Esc to quit)
You draw a card...
It is the Crusade.
You begin to abjure the creatures around you!
The deep elf high priest is no longer giving off an aura.
Drink which item? (? for menu, Esc to quit)
You feel much better.
The deep elf high priest mumbles some strange prayers to its god against you.
The hellfire explodes!
The burst of hellfire engulfs you!
* * * LOW HITPOINT WARNING * * *
You hear a shout!
The deep elf high priest invokes the aid of its god against you.
The hellfire explodes!
The burst of hellfire engulfs you!
You die...

,,,**
*,......###.)####
***,***,.....,*#.e..#
**,***....,**#....#
**.#*#..,** #....# *
*#.###*** #....# **
*#.#* ##....# ,**
*#.#* ##.....# *,**
*#.#*##.##..##
**,*###**#.##.##@###
*#.#..##*#.....##
#......##).[..#
#......#..)...#
***,,##.#.....#
########.###...##
....)...## #####
#########


You could see a deep elf high priest.

Vanquished Creatures
  A deep elf sorcerer (Elf:3)
  A frost giant (IceCv)
  A deep elf elementalist (Elf:3)
  The ghost of Chiseanne the Ninja, an adept SpAs of Gozag (Elf:2)
  3 deep elf annihilators
  A vault guard (D:14)
  An ettin (Orc:2)
  A deep elf high priest (Elf:3)
  A hydra (Lair:8)
  A catoblepas (D:15)
  A centaur warrior (D:10)
  The ghost of crauler the Spear-Bearer, a journeyman TeGl of Zin (Lair:1)
  3 dancing weapons
  9 death yaks
  5 orc high priests
  4 deep elf knights
  Sonja (D:10)
  2 deep elf archers
  An unseen horror (D:14)
  A spriggan druid (Swamp:2)
  A phantasmal warrior (D:14)
  5 orc knights
  A lindwurm (Lair:7)
  A wizard (D:14)
  5 hill giants
  23 deep elf magi
  6 orc sorcerers (Orc:2)
  An ugly thing (D:12)
  3 cyclopes
  An ice statue (IceCv)
  4 black mambas
  2 torpor snails
  An eye of devastation (shapeshifter) (Elf:3)
  Joseph (D:10)
  29 spiny frogs
  7 komodo dragons
  2 rime drakes
  A queen bee (Lair:4)
  8 trolls
  22 polar bears (IceCv)
  27 blink frogs
  5 giant leeches
  A two-headed ogre (D:13)
  A slime creature (D:11)
  A spriggan (D:8)
  A vampire (D:13)
  50 yaks
  3 hungry ghosts
  A wyvern (D:11)
  A hippogriff (shapeshifter) (D:14)
  2 basilisks
  9 hippogriffs
  8 vampire mosquitoes
  A mottled dragon (D:12)
  A warg (Orc:1)
  A naga (Lair:3)
  3 swamp worms (Swamp:1)
  11 water moccasins
  8 porcupines
  A wasp (Lair:4)
  2 sky beasts
  21 orc warriors
  9 ogres
  2 phantoms
  A necrophage (D:10)
  12 wolves (IceCv)
  4 centaurs
  17 crocodiles
  2 big kobolds
  27 giant frogs
  An earth elemental (Elf:1)
  A water moccasin zombie (D:7)
  A scorpion (D:10)
  A wyvern skeleton (D:11)
  30 killer bees
  A wight (D:8)
  4 electric eels (Lair:8)
  8 crimson imps
  15 jellies
  5 hounds
  3 centaur skeletons
  2 giant frog skeletons
  15 orc priests
  17 orc wizards
  A gnoll shaman (Orc:2)
  Crazy Yiuf (D:5)
  5 worker ants
  4 iguanas
  24 sheep
  A hound zombie (D:6)
  A worker ant zombie (D:8)
  7 gnolls (Orc:2)
  A howler monkey skeleton (D:4)
  16 river rats
  8 adders
  3 shadow imps
  An ooze (D:4)
  A dart slug (D:3)
  2 giant geckos
  70 orcs
  3 giant cockroaches
  3 goblins
  7 jackals (D:5)
  2 quokkas
  A ball python (D:5)
  4 bats
  2 giant gecko skeletons
  A giant newt (D:3)
  10 kobolds
  A quokka skeleton (D:4)
  A quokka zombie (D:5)
  6 rats
  2 fungi (Lair:6)
690 creatures vanquished.

Vanquished Creatures (collateral kills)
  A spiny frog (Lair:8)
  A jelly (Lair:8)
2 creatures vanquished.

Vanquished Creatures (others)
  A deep elf high priest (Elf:2)
  A wolf (IceCv)
  An electric eel (Lair:8)
  5 sheep (Lair:1)
  18 fungi
  13 plants
39 creatures vanquished.

Grand Total: 731 creatures vanquished

Notes
Turn   | Place    | Note
--------------------------------------------------------------
     0 | D:1      | 4thArraOfDagon the Vampire Assassin began the quest for the Orb.
     0 | D:1      | Reached XP level 1. HP: 16/16 MP: 1/1
   174 | D:2      | Reached XP level 2. HP: 13/22 MP: 2/2
   346 | D:3      | Reached XP level 3. HP: 22/27 MP: 3/3
   535 | D:5      | Entered Level 5 of the Dungeon
   593 | D:4      | Reached XP level 4. HP: 15/33 MP: 4/4
   786 | D:5      | Noticed Crazy Yiuf
   797 | D:5      | Killed Crazy Yiuf
   797 | D:5      | Reached skill level 1 in Long Blades
   867 | D:6      | Noticed a giant frog
   872 | D:6      | Killed a giant frog
   872 | D:6      | Reached skill level 2 in Long Blades
   872 | D:6      | Reached XP level 5. HP: 36/38 MP: 5/5
  1003 | D:6      | Noticed a hippogriff
  1051 | D:6      | Killed a hippogriff
  1051 | D:6      | Reached skill level 3 in Long Blades
  1051 | D:6      | Reached XP level 6. HP: 22/44 MP: 6/6
  1132 | D:6      | Reached skill level 4 in Long Blades
  1301 | D:5      | Reached XP level 7. HP: 50/50 MP: 7/7
  1449 | D:4      | Found a staircase to the Ecumenical Temple.
  1458 | Temple   | Entered the Ecumenical Temple
  1499 | Temple   | Became a worshipper of Warmaster Okawaru
  1936 | D:5      | Found a burning altar of Makhleb.
  2034 | D:6      | Gained mutation: Armour fits poorly on your strangely shaped body. [potion of mutation]
  2034 | D:6      | Gained mutation: Your spells are a little harder to cast, but a little more powerful. [potion of mutation]
  2034 | D:6      | Gained mutation: You evolve. [potion of mutation]
  2035 | D:6      | Gained mutation: Your magical capacity is low (-10% MP). [potion of mutation]
  2035 | D:6      | Gained mutation: You are frail (-10% HP). [potion of mutation]
  2036 | D:6      | OH
  2098 | D:6      | Reached skill level 5 in Long Blades
  2126 | D:6      | Reached skill level 1 in Invocations
  2291 | D:7      | Reached * piety under Okawaru
  2291 | D:7      | Reached skill level 10 in Stealth
  2455 | D:8      | Noticed a spriggan baker
  2457 | D:8      | Killed a spriggan baker
  2457 | D:8      | Reached skill level 6 in Long Blades
  2457 | D:8      | Reached XP level 8. HP: 50/50 MP: 8/8
  2708 | D:9      | Found Cabem's General Store.
  2711 | D:9      | Bought a scroll of identify for 28 gold pieces
  2745 | D:8      | Reached skill level 7 in Long Blades
  2809 | D:7      | Noticed Pikel
  3119 | D:9      | Found Faxiro's General Store.
  3141 | D:9      | Bought a scroll of identify for 26 gold pieces
  3141 | D:9      | Bought a potion of agility for 52 gold pieces
  3167 | D:10     | Entered Level 10 of the Dungeon
  3167 | D:10     | Noticed a troll
  3169 | D:10     | Killed a troll
  3169 | D:10     | Reached ** piety under Okawaru
  3169 | D:10     | Reached XP level 9. HP: 54/54 MP: 10/10
  3294 | D:11     | Found a staircase to the Lair.
  3390 | D:12     | Noticed a white ugly thing
  3392 | D:12     | Killed a white ugly thing
  3392 | D:12     | Reached skill level 8 in Long Blades
  3408 | D:12     | Noticed Snorg
  3671 | D:10     | Noticed Sonja
  3857 | D:10     | Found a staircase to the Orcish Mines.
  3916 | D:10     | Noticed a centaur warrior
  3920 | D:10     | Killed a centaur warrior
  3920 | D:10     | Reached *** piety under Okawaru
  3920 | D:10     | Reached skill level 9 in Long Blades
  3932 | D:10     | Reached skill level 5 in Dodging
  3965 | D:10     | Noticed a hill giant
  4004 | D:10     | Killed a hill giant
  4004 | D:10     | Reached **** piety under Okawaru
  4004 | D:10     | Reached XP level 10. HP: 60/62 MP: 12/12
  4088 | D:10     | Noticed Joseph
  4111 | D:10     | Killed Joseph
  4169 | D:10     | Got an iridescent hunting sling
  4236 | D:10     | Killed Sonja
  4236 | D:10     | Reached skill level 5 in Invocations
  4362 | D:10     | Noticed a hill giant
  4395 | D:10     | Killed a hill giant
  4395 | D:10     | Reached skill level 10 in Long Blades
  4617 | D:12     | Noticed a hill giant
  4621 | D:12     | Gained mutation: You can translocate small distances at will. [evolution]
  4628 | D:12     | Killed a hill giant
  4628 | D:12     | Reached ***** piety under Okawaru
  4628 | D:12     | Reached skill level 1 in Armour
  4654 | D:12     | Received a gift from Okawaru
  4832 | D:12     | Noticed an eight-headed hydra
  4927 | D:13     | Noticed a deep elf mage
  4949 | D:13     | Killed a deep elf mage
  4949 | D:13     | Received a gift from Okawaru
  4949 | D:13     | Reached XP level 11. HP: 52/69 MP: 13/13
  5028 | D:14     | Noticed an unseen horror
  5030 | D:14     | Killed an unseen horror
  5030 | D:14     | Reached skill level 1 in Evocations
  5121 | D:13     | Noticed a purple ugly thing
  5228 | D:13     | Noticed a death knight
  5400 | D:14     | Received a gift from Okawaru
  5430 | D:15     | Entered Level 15 of the Dungeon
  5501 | D:15     | Noticed a catoblepas
  5510 | D:15     | Killed a catoblepas
  5603 | D:15     | Noticed a hill giant
  5614 | D:15     | Killed a hill giant
  5706 | D:14     | Noticed an orc knight
  5748 | D:14     | Killed an orc knight
  5748 | D:14     | Reached skill level 5 in Fighting
  5748 | D:14     | Reached skill level 11 in Long Blades
  5806 | D:14     | Noticed a hill giant
  5814 | D:14     | Noticed an orb spider
  5818 | D:14     | Killed a hill giant
  5818 | D:14     | an orb spider changed into a hippogriff
  5839 | D:14     | Noticed a phantasmal warrior
  5853 | D:14     | Killed a phantasmal warrior
  5871 | D:14     | Noticed a wizard
  5936 | D:14     | Noticed a deep elf mage
  5944 | D:14     | Killed a deep elf mage
  5956 | D:14     | Noticed a vault guard
  5989 | D:14     | Killed a wizard
  5991 | D:14     | Killed a vault guard
  5991 | D:14     | Reached XP level 12. HP: 76/76 MP: 15/15
  6083 | D:14     | Found a gate to the Vaults.
  6114 | D:14     | Noticed a fire dragon
  6532 | D:11     | Gained mutation: You have sharp toenails. [evolution]
  6654 | D:11     | Gained mutation: You have razor-sharp toenails. [potion of mutation]
  6654 | D:11     | Lost mutation: You are frail (-10% HP). [potion of mutation]
  6654 | D:11     | Gained mutation: You are frail (-10% HP). [potion of mutation]
  6775 | Orc:1    | Entered Level 1 of the Orcish Mines
  6880 | Orc:1    | Received a gift from Okawaru
  6962 | Orc:1    | Found an iron altar of Okawaru.
  7160 | Orc:1    | Noticed an orc high priest
  7191 | Orc:1    | Killed an orc high priest
  7191 | Orc:1    | Reached skill level 5 in Throwing
  7232 | Orc:2    | Entered Level 2 of the Orcish Mines
  7234 | Orc:2    | Found a staircase to the Elven Halls.
  7375 | Orc:2    | Noticed an ettin
  7399 | Orc:2    | Killed an ettin
  7503 | Orc:2    | Found a roughly hewn altar of Beogh.
  7516 | Orc:2    | Reached skill level 12 in Long Blades
  7750 | Orc:2    | Paralysed by an orc sorcerer for 4 turns
  7770 | Orc:2    | Noticed an orc high priest
  7771 | Orc:2    | Noticed an orc high priest
  7789 | Orc:2    | Killed an orc high priest
  7856 | Orc:2    | Found Fast's Assorted Antiques.
  7860 | Orc:2    | Found Duonufom's Antique Weapon Boutique.
  7863 | Orc:2    | Noticed an orc high priest
  7864 | Orc:2    | Bought an ancient chain mail for 237 gold pieces
  7864 | Orc:2    | Bought a brightly glowing cloak for 237 gold pieces
  7885 | Orc:2    | Identified the +0 cloak "Zompyqebb" {Str+6 Stlth+} (You bought it in a shop on level 2 of the Orcish Mines)
  7895 | Orc:2    | Identified the cursed +0 chain mail of the Moneychanger {Int+4 Dex-5 Slay+3} (You bought it in a shop on level 2 of the Orcish Mines)
  7898 | Orc:2    | Noticed an orc high priest
  7922 | Orc:2    | Killed an orc high priest
  7933 | Orc:2    | Killed an orc high priest
  8002 | Orc:2    | Killed an orc high priest
  8048 | Orc:2    | Reached XP level 13. HP: 22/83 MP: 13/16
  8176 | Orc:2    | Received a gift from Okawaru
  8307 | Orc:2    | Paralysed by an orc sorcerer for 2 turns
  8347 | Orc:2    | Found Nogaibb's Food Shoppe.
  8349 | Orc:2    | Found Qoism's Distillery.
  8378 | Orc:2    | Bought a potion of curing for 39 gold pieces
  8378 | Orc:2    | Bought a potion of haste for 130 gold pieces
  8378 | Orc:2    | Bought 2 potions of resistance for 260 gold pieces
  8378 | Orc:2    | Bought a potion of haste for 130 gold pieces
  8378 | Orc:2    | Bought a potion of haste for 130 gold pieces
  8378 | Orc:2    | Bought a potion of curing for 39 gold pieces
  8378 | Orc:2    | Bought a potion of curing for 39 gold pieces
  8378 | Orc:2    | Bought a potion of curing for 39 gold pieces
  8378 | Orc:2    | Bought a potion of mutation for 32 gold pieces
  8378 | Orc:2    | Identified a scroll of acquirement
  8385 | Orc:2    | Lost mutation: Your magical capacity is low (-10% MP). [potion of mutation]
  8385 | Orc:2    | Gained mutation: Your movements are slightly less encumbered by armour (ER -2). [potion of mutation]
  8385 | Orc:2    | Gained mutation: You are very frail (-20% HP). [potion of mutation]
  8579 | Lair:1   | Entered Level 1 of the Lair of Beasts
  8625 | Lair:1   | Found a shimmering altar of Xom.
  8670 | Lair:1   | Noticed crauler's ghost (journeyman TeGl)
  8869 | Lair:2   | jacquesderrida: deging de tected
  8876 | Lair:2   | 4thArraOfDagon: hi
  8892 | Lair:2   | jacquesderrida: hi
  8915 | Lair:2   | 4thArraOfDagon: faint KRAKIN
  8915 | Lair:2   | 4thArraOfDagon: can you hear
  8935 | Lair:2   | Found a frozen archway.
  8951 | Lair:2   | jacquesderrida: crackling
  8957 | IceCv    | Entered an ice cave
  8962 | IceCv    | jacquesderrida: Crackler
  8987 | IceCv    | jacquesderrida: crackling, the son of crackler
  9094 | IceCv    | Learned a level 2 spell: Sublimation of Blood
  9308 | IceCv    | Learned a level 2 spell: Blink
  9308 | IceCv    | jacquesderrida: deman bleind
  9311 | IceCv    | Learned a level 2 spell: Repel Missiles
  9323 | IceCv    | Reached skill level 13 in Long Blades
  9448 | IceCv    | Reached skill level 5 in Armour
  9535 | IceCv    | Noticed a frost giant
  9580 | IceCv    | Received a gift from Okawaru
  9622 | IceCv    | Killed a frost giant
  9622 | IceCv    | Received a gift from Okawaru
  9628 | IceCv    | Lost mutation: Armour fits poorly on your strangely shaped body. [evolution]
  9631 | IceCv    | jacquesderrida: dayne
  9646 | IceCv    | Got an ancient wooden ring
  9649 | IceCv    | Identified the ring of Olof {SustAt rC+ Str+4 Int-3} (You found it in an ice cave)
  9821 | Lair:2   | Received a gift from Okawaru
  9979 | Lair:3   | Got a brightly glowing ring mail
  9991 | Lair:3   | Identified the +1 ring mail "Hallolen" {Slay+2} (You found it on level 3 of the Lair of Beasts)
 10028 | Lair:3   | jacquesderrida: HALLO
 10097 | Lair:3   | jacquesderrida: Boring male of HALLO
 10109 | Lair:3   | Found a staircase to the Swamp.
 10110 | Lair:3   | Found a staircase to the Snake Pit.
 10169 | Lair:4   | 4thArraOfDagon: we need singularity
 10169 | Lair:4   | jacquesderrida: 1 onan
 10169 | Lair:4   | jacquesderrida: it vider
 10169 | Lair:4   | 4thArraOfDagon: here
 10169 | Lair:4   | jacquesderrida: BLARX
 10188 | Lair:4   | BLOAX: https://www.youtube.com/watch?v=G1n6mByG1sw
 10195 | Lair:4   | BLOAX: hi
 10245 | Lair:4   | jacquesderrida: http://www.youtube.com/watch?v=ommpGNuZKJo
 10249 | Lair:4   | jacquesderrida: It for you blergs
 10352 | Lair:4   | jacquesderrida: mital that suits those without HARD brain damages
 10352 | Lair:4   | jacquesderrida: A RARE PEPE
 10352 | Lair:4   | 4thArraOfDagon: https://www.youtube.com/watch?v=wYuR8Grmi6U
 10352 | Lair:4   | BLOAX: https://dl.dropboxusercontent.com/u/63152810/n/xcom/piratez/test/punchout_guy3.gif brain damage
 10352 | Lair:4   | 4thArraOfDagon: fysizs
 10352 | Lair:4   | 4thArraOfDagon: punchout zombie?lol
 10352 | Lair:4   | BLOAX: legs 2small i know
 10352 | Lair:4   | 4thArraOfDagon: thighs are still ok
 10352 | Lair:4   | 4thArraOfDagon: not like...you know..
 10375 | Lair:4   | Noticed Rupert
 10375 | Lair:4   | jacquesderrida: What's with the abstract impressionist paintings randomly covering his body
 10395 | Lair:4   | jacquesderrida: in occasional splashes
 10419 | Lair:4   | Reached XP level 14. HP: 71/83 MP: 20/20
 10510 | Lair:4   | BLOAX: it's magic
 10549 | Lair:5   | Received a gift from Okawaru
 10555 | Lair:5   | Lost mutation: You can translocate small distances at will. [potion of cure mutation]
 10555 | Lair:5   | Lost mutation: You evolve. [potion of cure mutation]
 10555 | Lair:5   | Lost mutation: Your spells are a little harder to cast, but a little more powerful. [potion of cure mutation]
 10555 | Lair:5   | Lost mutation: You have razor-sharp toenails. [potion of cure mutation]
 10555 | Lair:5   | Lost mutation: You are very frail (-20% HP). [potion of cure mutation]
 10555 | Lair:5   | Lost mutation: You have sharp toenails. [potion of cure mutation]
 10682 | Lair:5   | jacquesderrida: http://www.youtube.com/watch?v=ImHqGZYRVvQ
 10686 | Lair:5   | jacquesderrida: mital
 10710 | Lair:5   | jacquesderrida: meatall
 10766 | Lair:5   | BLOAX: meatball music
 10811 | Lair:6   | jacquesderrida: kool and obskoor
 10825 | Lair:6   | jacquesderrida: only at jay di
 10837 | Lair:6   | BLOAX: tru
 10843 | Lair:6   | BLOAX: sounds pretty kvlt
 11049 | Lair:6   | Reached skill level 14 in Long Blades
 11295 | Lair:7   | Lost mutation: You are frail (-10% HP). [potion of mutation]
 11295 | Lair:7   | Gained mutation: You are partially covered in rugged brown scales (AC +1, +3% HP). [potion of mutation]
 11295 | Lair:7   | Gained mutation: Your spells are a little harder to cast, but a little more powerful. [potion of mutation]
 11296 | Lair:7   | Gained mutation: You are resistant to hostile enchantments. [potion of mutation]
 11296 | Lair:7   | Gained mutation: You are somewhat resistant to further mutation. [potion of mutation]
 11298 | Lair:7   | $$$
 11299 | Lair:7   | jacquesderrida: BANK
 11302 | Lair:7   | jacquesderrida: CASH
 11305 | Lair:7   | BLOAX: wew lad
 11307 | Lair:7   | jacquesderrida: BIN GO
 11307 | Lair:7   | 4thArraOfDagon: jackpot
 11307 | Lair:7   | BLOAX: ER-2
 11323 | Lair:7   | BLOAX: an actual...
 11332 | Lair:7   | BLOAX: mutation
 11337 | Lair:8   | Entered Level 8 of the Lair of Beasts
 11362 | Lair:8   | Reached skill level 10 in Dodging
 11398 | Lair:8   | Received a gift from Okawaru
 11507 | Lair:8   | jacquesderrida: http://www.youtube.com/watch?v=ORIlaEb50I0
 11513 | Lair:8   | jacquesderrida: Style: Shoegaze, Black Metal
 11516 | Lair:8   | jacquesderrida: lal meng
 11570 | Lair:8   | jacquesderrida: I am not sure it's possible to call it metal once it crosses the border of non-retardation...
 11595 | Lair:8   | Found a staircase to the Slime Pits.
 11598 | Lair:8   | jacquesderrida: 0,0;
 11771 | Lair:7   | Reached ****** piety under Okawaru
 11883 | Lair:8   | jacquesderrida: dayne mayne
 11883 | Lair:8   | 4thArraOfDagon: i sounds like apocayptic-doom like metal
 11883 | Lair:8   | jacquesderrida: mans here
 11883 | Lair:8   | 4thArraOfDagon: idk
 11883 | Lair:8   | BLOAX: sounds pretty cool
 11883 | Lair:8   | 4thArraOfDagon: idk, it sounds too empty for me :S
 11947 | Lair:8   | BLOAX: https://www.youtube.com/watch?v=6eZf972zbi0
 11988 | Lair:8   | jacquesderrida: http://www.youtube.com/watch?v=M61jnVgz88c
 11998 | Lair:8   | jacquesderrida: OBSKOOR
 12002 | Lair:8   | jacquesderrida: JAPANESE
 12017 | Lair:8   | jacquesderrida: lal
 12044 | Lair:8   | jacquesderrida: 200 views
 12051 | Lair:8   | jacquesderrida: KVLT
 12064 | Lair:8   | Reached XP level 15. HP: 30/115 MP: 22/22
 12066 | Lair:8   | jacquesderrida: And the cover title in times new roman
 12163 | Lair:8   | jacquesderrida: megic regeneration
 12170 | Lair:8   | jacquesderrida: dayne
 12181 | Lair:8   | poirepourri: what class are you?
 12233 | Lair:8   | Ratboiler: think he is as
 12269 | Lair:7   | jacquesderrida: MK II
 12335 | Lair:7   | jacquesderrida: Dagin MK II Prototype Mayne
 12344 | Lair:7   | Reached skill level 15 in Long Blades
 12408 | Lair:7   | jacquesderrida: That's what it says on the box anyway
 12602 | Swamp:1  | Entered Level 1 of the Swamp
 12667 | Swamp:2  | 4thArraOfDagon: im vampyre asasyn
 12673 | Swamp:2  | BLOAX: with a zompy cloak
 12675 | Swamp:2  | jacquesderrida: asn
 12677 | Swamp:2  | jacquesderrida: cloke
 12679 | Swamp:2  | jacquesderrida: DAYNE!
 12697 | Swamp:1  | jacquesderrida: DID YOU SEE THAT MAYNE
 12869 | Swamp:1  | jacquesderrida: http://www.youtube.com/watch?v=IYSIYTJqlwI
 12870 | Swamp:1  | jacquesderrida: BLEK
 12916 | Swamp:1  | Noticed a thorn hunter
 12922 | Swamp:1  | im not ready for it
 12922 | Swamp:1  | YET
 12996 | Lair:1   | Killed crauler's ghost
 13233 | Elf:1    | Entered Level 1 of the Elven Halls
 13385 | Elf:2    | Received a gift from Okawaru
 13399 | Elf:2    | jacquesderrida: bookler
 13406 | Elf:2    | jacquesderrida: demng
 13410 | Elf:2    | jacquesderrida: ref lection
 13412 | Elf:2    | BLOAX: self-reflekshun
 13420 | Elf:2    | jacquesderrida: sh: 3
 13441 | Elf:2    | Noticed Chiseanne's ghost (adept SpAs)
 13460 | Elf:2    | jacquesderrida: deng meng blorx
 13484 | Elf:2    | jacquesderrida: mister pleonasm!!
 13486 | Elf:2    | Killed Chiseanne's ghost
 13486 | Elf:2    | Reached skill level 1 in Shields
 13517 | Elf:2    | Reached skill level 10 in Invocations
 13604 | Elf:3    | Entered Level 3 of the Elven Halls
 13692 | Elf:3    | jacquesderrida: http://www.youtube.com/watch?v=b-KsPgVjBqA
 13699 | Elf:3    | jacquesderrida: Is alcest too obvious
 13721 | Elf:3    | Found Qiotuyfenix's Jewellery Boutique.
 13729 | Elf:3    | jacquesderrida: shiet mane he was obvious back in the 00s!!
 13729 | Elf:3    | Bought the ring of Hosestru {Fire Str+3 Dex+5} for 732 gold pieces
 13761 | Elf:2    | jacquesderrida: Or was it 2010 already LOL
 13900 | Elf:3    | jacquesderrida: BARDLING
 13921 | Elf:3    | Noticed a deep elf sorcerer
 13921 | Elf:3    | jacquesderrida: IS IT ARTEFACT
 13930 | Elf:3    | jacquesderrida: 17 shouts mayne
 13935 | Elf:3    | jacquesderrida: WOWZA
 13940 | Elf:3    | jacquesderrida: VAMPYRE BED
 13942 | Elf:3    | Killed a deep elf sorcerer
 14003 | Elf:3    | jacquesderrida: lal
 14005 | Elf:3    | Got a steaming plate armour
 14006 | Elf:3    | Noticed a deep elf blademaster
 14006 | Elf:3    | jacquesderrida: ELEMENTALIST
 14011 | Elf:3    | Killed from afar by a deep elf high priest

Vault maps used:
D:1:      onia_arrival_pyramid, fountainhead
D:2:      lemuel_coloured_pillars_altar, first_bread, feat_on_display
D:4:      minmay_temple_entry_grid
D:5:      bloody_makhleb, uniq_crazy_yiuf_cottage
D:6:      kennysheep_decorative_pillar
D:7:      minmay_flawed_box, uniq_pikel
D:8:      the_bakery, nrook_loot_triangle, minmay_misc_feat_square
D:9:      serial_shops, nicolae_shop_trees, nicolae_shop_behind_doors,
          kennysheep_mini_moat, shop, nicolae_shop_waterfront,
          gammafunk_pakellas_cloud_experiment
D:10:     orc_0_dummy, minmay_statues_item, minmay_misc_feat_doors,
          minmay_bad_closet, minmay_door_square, uniq_sonja, uniq_joseph
D:11:     dpeg_lair_monsters
D:12:     mrwooster_statue_mirror, uniq_snorg
D:13:     grunt_ministairs_1
D:14:     david_vaults_4, special_room, kennysheep_generic_room_11
D:15:     grunt_enter_depths_snipers, fountainhead, grunt_decor_arrowhead
Temple:   kilobyte_greek_temple_18
Lair:1:   minmay_lair_oklob_items, kb_xom_exploding_sheep,
          infiniplex_staircase_pool_2
Lair:2:   portal_ice_cave_entry_pillars_01, lemuel_oklob_altar
Lair:3:   swamp_mist, guppyfry_snake_entry_island
Lair:4:   special_room, grunt_forest_small_clearing_treed, uniq_rupert
Lair:5:   minivault_11
Lair:6:   serial_bayou_shore_b
Lair:7:   minivault_23, st_stairs_4
Lair:8:   minmay_lair_end_frog_pond, minmay_slime_entry_jelly_boxes
Swamp:1:  evilmike_swamp_ruin_house_1
Swamp:2:  evilmike_swamp_ruin_house_4, infiniplex_staircase_pool
Orc:1:    okawaru_metal_pillars_1_2
Orc:2:    st_orc_elflike, basic_altar, guppyfry_library_mini
Elf:1:    eino_elf_arrival_the_gate, minivault_28
Elf:2:    uniq_wiglaf
Elf:3:    minmay_elf_hall_circle, serial_shops, shop_fountains
IceCv:    ice_cave_caverns_02

Skill      XL: |  1  2  3  4  5  6  7  8  9 10 11 12 13 14 15 |
---------------+----------------------------------------------+-----
Fighting       | 2 3 4 5 6 7 8 9 |  9.1
Short Blades   | 3 4 |  4.4
Stealth        | 6 7 8 9 10 11 12 13 | 13.6
Long Blades    | 2 3 4 6 7 9 10 11 12 13 14 15 | 15.7
Invocations    | 2 3 4 5 6 7 8 9 10 | 10.2
Dodging        | 3 5 6 7 8 9 10 11 | 11.3
Armour         | 1 3 4 5 6 7 |  7.6
Evocations     | 2 3 |  3.1
Throwing       | 4 6 |  6.3
Shields        | 3 |  3.8

Action                   |  1- 3 |  4- 6 |  7- 9 | 10-12 | 13-15 || total
-------------------------+-------+-------+-------+-------+-------++-------
Melee: Dagger            |    42 |    32 |   166 |    37 |       ||   277
       Long sword        |       |       |    40 |       |       ||    40
       Scimitar          |       |       |    60 |   565 |    38 ||   663
       Demon blade       |       |       |       |       |  1215 ||  1215
       Triple sword      |       |       |       |       |     6 ||     6
 Fire: Blowgun           |     7 |    16 |    31 |    31 |     4 ||    89
Throw: Javelin           |       |       |     5 |    92 |    33 ||   130
       Tomahawk          |       |       |       |     2 |       ||     2
Invok: Heroism           |       |       |    10 |    44 |    49 ||   103
       Finesse           |       |       |       |       |     4 ||     4
Evoke: Wand              |       |       |       |     4 |    15 ||    19
       Deck              |       |       |       |       |     1 ||     1
  Use: Potion            |     3 |     2 |    10 |    12 |    41 ||    68
       Scroll            |       |     9 |     7 |    13 |    17 ||    46
 Stab: Sleeping          |     9 |     7 |    26 |    24 |    28 ||    94
       Distracted        |       |     1 |     1 |     2 |     6 ||    10
  Eat: Corpse            |     9 |     2 |     8 |    21 |    22 ||    62
